 Dungeon Crawl Stone Soup version 0.27-a0-1149-g4505690ab0 (webtiles) character file.

Game seed: 16905263719557450267

31 Shayle the Vexing (level 3, 0/28 HPs)
             Began as a Demonspawn Enchanter on May 12, 2021.
             Slain by Terence
             ... wielding a +0 short sword
              (6 damage)
             ... on level 1 of the Dungeon.
             The game lasted 00:03:31 (1780 turns).

Shayle the Vexing (Demonspawn Enchanter)            Turns: 1780, Time: 00:03:31

Health: 0/28       AC:  3    Str: 15    XL:     3   Next: 7%
Magic:  6/6        EV: 12    Int: 16    God:
Gold:   61         SH:  0    Dex: 13    Spells: 5/6 levels left

rFire    . . .     SeeInvis .   a - +1 dagger
rCold    + . .     Faith    .   (no shield)
rNeg     . . .     Spirit   .   b - +0 robe
rPois    .         Reflect  .   (no helmet)
rElec    .         Harm     .   (no cloak)
rCorr    .         Rampage  .   k - +0 pair of gloves
Will     .....     Rnd*Rage +   (no boots)
Stlth    ++........             (no amulet)
HPRegen  0.09/turn              i - +6 ring of strength
MPRegen  0.10/turn              (no ring)

@: no status effects
A: demonic guardian 1, berserk 1, cold resistance 1
a: no special abilities


You were on level 1 of the Dungeon.
You visited 1 branch of the dungeon, and saw 2 of its levels.

You collected 61 gold pieces.

Inventory:

Hand Weapons
 a - a +1 dagger (weapon)
 j - a +0 trident
Armour
 b - a +0 robe (worn)
 k - a +0 pair of gloves (worn)
Jewellery
 i - a +6 ring of strength (left hand)
 o - a +6 ring of intelligence
Scrolls
 c - a scroll of teleportation {unknown}
 d - a scroll of amnesia {unknown}
 m - a scroll of enchant weapon {unknown}
 n - a scroll of identify {unknown}
Potions
 e - a potion of magic {unknown}
 f - a potion of mutation
 g - a potion of brilliance {unknown}
 h - a potion of ambrosia {unknown}


   Skills:
 + Level 2.8 Fighting
 - Level 0.8 Short Blades
 - Level 1.7 Dodging
 - Level 2.6 Stealth
 - Level 2.0 Spellcasting
 - Level 3.0 Hexes


You had 5 spell levels left.
You knew the following spells:

 Your Spells              Type           Power      Damage    Failure   Level
a - Corona                Hex            12%        N/A       6%          1

Your spell library contained the following spells:

 Spells                   Type           Power      Damage    Failure   Level
 Ensorcelled Hibernation  Hex/Ice        12%        N/A       17%         2
 Confusing Touch          Hex            11%        N/A       19%         3
 Tukima's Dance           Hex            11%        N/A       19%         3
 Dazzling Flash           Conj/Hex       12%        N/A       32%         3


Dungeon Overview and Level Annotations

Branches:
Dungeon (2/15)

Altars:

Annotations:
D:1 Terence
D:2 Sigmund


Innate Abilities, Weirdness & Mutations

A weak demonic guardian rushes to your aid.
You tend to lose your temper in combat.
Your flesh is cold resistant. (rC+)


Message History

Your quasit closely misses Terence.
Your quasit claws Terence but does no damage.
Your quasit closely misses Terence.
Sigmund casts a spell at himself.
Sigmund flickers and vanishes!
Deactivating autopickup; reactivate with Ctrl-A.
Your quasit disappears in a puff of smoke!
Terence shouts, "Get ready for death!"
There is a stone staircase leading up here.
Terence hits you with a +0 short sword!
You climb upwards.
Reactivating autopickup.
There is a stone staircase leading down here.
You hit Terence but do no damage.
Terence is lightly wounded.
Terence says, "You're history."
Terence hits you with a +0 short sword.
* * * LOW HITPOINT WARNING * * *
A demonic guardian appears!
You closely miss Terence.
Terence is lightly wounded.
Terence barely misses you.
You closely miss Terence.
Terence is lightly wounded.
Your white imp closely misses Terence.
Terence hits you with a +0 short sword.
* * * LOW HITPOINT WARNING * * *
You closely miss Terence.
Terence is lightly wounded.
Your white imp gestures at Terence.
The puff of frost hits Terence!
Terence hits your white imp with a +0 short sword.
You hit Terence.
Terence is severely wounded.
Your white imp hits Terence but does no damage.
Terence closely misses you.
You hit Terence but do no damage.
Terence is severely wounded.
Your white imp hits Terence.
Your white imp freezes Terence.
Terence hits you with a +0 short sword.
You die...

♣...# #.# #.#
##### #.## #.#
#..# #.# ##.# #.#
#.# #.# #.# #.#
#.# #.# #.# #.#
##.###@#
##########...##@#
#....>.....#.##5#
#.########...##.#
#.# ######.# #.#
#######.# #.#
#.......# #)#
#.####### #.# #.#


You could see Terence (ally target) and a friendly white imp (summoned).

Vanquished Creatures
  3 dart slugs
  2 ball pythons (D:1)
  An endoplasm (D:1)
  A giant cockroach (D:1)
  2 goblins
  2 hobgoblins
  2 jackals (D:2)
  A quokka (D:1)
  A bat (D:1)
  4 frilled lizards
  4 kobolds
  A rat (D:1)
24 creatures vanquished.

Vanquished Creatures (collateral kills)
  A jackal (D:2)
1 creature vanquished.

Grand Total: 25 creatures vanquished

Notes
Turn   | Place    | Note
-------+----------+-------------------------------------------
     0 | D:1      | Shayle the Demonspawn Enchanter began the quest for the
                  | Orb.
     0 | D:1      | Reached XP level 1. HP: 13/13 MP: 3/3
   360 | D:1      | Reached skill level 1 in Fighting
   384 | D:1      | Gained mutation: A weak demonic guardian rushes to your
                  | aid. [demonic ancestry]
   384 | D:1      | Reached XP level 2. HP: 1/22 MP: 5/5
  1469 | D:2      | Gained mutation: You tend to lose your temper in combat.
                  | [potion of mutation]
  1469 | D:2      | Gained mutation: Your flesh is cold resistant. (rC+)
                  | [potion of mutation]
  1469 | D:2      | HP: 1/23 [jackal (1)]
  1517 | D:2      | Reached XP level 3. HP: 20/28 MP: 6/6
  1739 | D:2      | Noticed Terence
  1739 | D:2      | Noticed Sigmund
  1780 | D:1      | Slain by Terence

Illustrated notes

Levels and vault maps discovered:
D:1:      amcnicky_arrival_underground_garden, layout_loops_ring
D:2:      layout_loops_cross, chequers_ecumenical_altar_island,
          roderic_lattice_a, solitary_fountain, minmay_misc_feat_nine_boxes,
          uniq_terence, uniq_sigmund

Skill      XL: |  1  2 |
---------------+-------+-----
Fighting       | 1 2 |  2.8
Short Blades   | |  0.8
Dodging        | |  1.7
Stealth        | |  2.6
Spellcasting   | |  2.0
Hexes          | |  3.0

Action                   || total
-------------------------++-------
Melee: Dagger            ||   107
  Use: Potion            ||     3
 Stab: Sleeping          ||     5
Armor: Robe              ||    15
Dodge: Dodged            ||    52

Table legend: (Time is in decaauts)
 A = Elapsed time spent in this place.
 B = Non-inter-level travel time spent in this place.
 C = Inter-level travel time spent in this place.
 D = Time resting spent in this place.
 E = Time spent auto-exploring this place.
 F = Levels seen in this place.
 G = Mean time per level.
                   A        B        C        D        E       F      G
               +--------+--------+--------+--------+--------+-----+--------+
         Total |   1775 |   1752 |     23 |    404 |   1002 |   2 |  887.5 |
       Dungeon |   1775 |   1752 |     23 |    404 |   1002 |   2 |  887.5 |
               +--------+--------+--------+--------+--------+-----+--------+

Top non-repeatable levels by time:
     D:1: 1341 daAuts
     D:2: 434 daAuts
